Cogmind - Beta 15 @@@ ROGUE MODE // 2025.06.13 @ 10:18:22 Player: Carbonated Result: Destroyed by G-34 Mercenary with Small Laser Performance ------------- Evolutions (0) 0 Regions Visited (1) 200 Robots Destroyed (5) 25 Value Destroyed (143) 143 Prototype IDs (0) 0 Alien Tech Used (0) 0 Bonus (0) 0 TOTAL SCORE: 368 Bonus ------- None Cogmind --------- Core Integrity 0/250 Matter 300/300 Energy 84/100 System Corruption 0% Temperature Hot (293) Movement Core (50) Location -10/Materials Parts ------- > --- POWER (1) -------- (None) > --- PROPULSION (2) --- (None) > --- UTILITY (2) ------ (None) > --- WEAPON (2) ------- (None) > --- INVENTORY (5) ---- Light Ion Engine Aluminum Leg Peak State ------------ > --- POWER ------------ Light Ion Engine > --- PROPULSION ------- Aluminum Leg Aluminum Leg > --- UTILITY ---------- Backup Plating I Backup Plating I > --- WEAPON ----------- Medium Laser Medium Laser > --- INVENTORY -------- Light Ion Engine Aluminum Leg Mining Laser [Rating: 7] Favorites ----------- Power Light Ion Engine Engine Light Ion Engine Propulsion Aluminum Leg Leg Aluminum Leg Utility Backup Plating I Protection Backup Plating I Weapon Medium Laser Energy Gun Medium Laser Special Weapon Mining Laser Build | -11 -10 ------- Run | Yrd Mat Slots Evolved . | . . Power . | . . Propulsion . | . . Utility . | . . Weapon . | . . Parts Attached 6 | 5 1 Power 1 | 1 . Engine 1 | 1 . Core . | . . Reactor . | . . Propulsion 2 | 2 . Treads . | . . Leg 2 | 2 . Wheel . | . . Hover . | . . Flight . | . . Utility . | . . Device . | . . Storage . | . . Processor . | . . Hackware . | . . Protection . | . . Artifact . | . . Weapon 3 | 2 1 Energy Gun 2 | 2 . Energy Cannon . | . . Ballistic Gun . | . . Ballistic Cannon . | . . Launcher . | . . Special Weapon 1 | . 1 Impact Weapon . | . . Slashing Weapon . | . . Piercing Weapon . | . . Special Melee Weapon . | . . Unidentified Prototypes . | . . Parts Lost 8 | . 8 Power 1 | . 1 Propulsion 2 | . 2 Utility 2 | . 2 Weapon 3 | . 3 Highest Loss Streak 8 | . 8 To Critical Strikes . | . . Average Backups 2 | . 2 Power . | . 1 Propulsion . | . 1 Utility . | . . Weapon . | . . Tool/Special . | . . Unused Backups 2 | . 2 Power 1 | . 1 Propulsion 1 | . 1 Utility . | . . Weapon . | . . Tool/Special . | . . Average Slot Usage (%) 86 | . 86 Engine 12 | . 12 Leg 27 | . 27 Protection 18 | . 18 Energy Gun 27 | . 27 Peak Build Rating 7 | 5 7 Average Rating 5 | 3 6 On Entrance 2 | . 5 Naked Turns 6 | . 6 Heaviest Build 9 | 7 9 Greatest Support 20 | 20 20 Greatest Overweight (x) . | . . Average Overweight (x) . | . . Largest Inventory Capacity 5 | 5 5 Average Capacity 5 | 5 5 Most Carried 3 | 2 3 Average Carried 2 | . 2 Final Capacity 5 | 5 5 Final Carried 2 | 2 2 Class Distribution -------------------- 100% | Mutant Dominant Class ---------------- Mutant | -10/Materials Resources | -11 -10 ----------- Run | Yrd Mat Matter Collected 260 | 250 10 Remotely . | . . Salvage Created 196 | 72 124 Parts 5 | 3 2 Haulers Intercepted . | . . Recyclers Shooed . | . . Parts Field Recycled . | . . Retrieved Matter . | . . Parts Self-Destructed . | . . Prevented . | . . Kills | -11 -10 ------- Run | Yrd Mat Combat Hostiles Destroyed 4 | 1 3 Guns 3 | . 3 Classes Destroyed 2 | 2 . Tunneler 1 | 1 . Grunt 4 | 1 3 Best Kill Streak 2 | 2 2 Combat Bots Only 2 | 1 2 Max Kills in Single Turn 1 | 1 1 Gunslinging . | . . Exploded . | . . Melee . | . . Uniques/NPCs Destroyed . | . . Combat | -11 -10 -------- Run | Yrd Mat Hostile Shots Fired 82 | 6 76 Missed 20 | 5 15 Hits 62 | 1 61 Projectile 62 | 1 61 Damage Taken 817 | 11 806 Core 256 | 11 245 Absorbed by Shields . | . . Core Remaining (%) 95 | 95 . Volleys Fired 29 | 5 24 Largest 2 | 2 2 Hottest 100 | 100 100 Shots Fired 56 | 10 46 Gun 56 | 10 46 Cannon . | . . Launcher . | . . Special . | . . Kinetic . | . . Thermal 56 | 10 46 Explosive . | . . Electromagnetic . | . . Robot Hit Streak 6 | 4 6 Robot Miss Streak 3 | 1 3 Penetration Max . | . . Secondary Targets 1 | . 1 Max Gunslinging Chain 1 | . 1 Shots Hit Robots 33 | 7 26 Core Hits 12 | 2 10 Critical Kills . | . . Critical Parts Destroyed . | . . Critical Strikes 3 | 2 1 Burn 3 | 2 1 Melee Attacks . | . . Impact . | . . Slashing . | . . Piercing . | . . Sneak Attacks . | . . Combat Hostiles . | . . Follow-up Attacks . | . . Damage Inflicted 487 | 98 389 Guns 455 | 98 357 Cannons . | . . Explosions . | . . Melee . | . . Ramming 32 | . 32 Kinetic . | . . Thermal 455 | 98 357 Explosive . | . . Electromagnetic . | . . Impact . | . . Slashing . | . . Piercing . | . . Highest Corruption . | . . Average Corruption . | . . Corruption Purged . | . . Corruption Blocked . | . . Overload Shots . | . . Overflow Damage . | . . Projectiles . | . . Explosions . | . . Melee . | . . Knockbacks 1 | . 1 Impact 1 | . 1 Kinetic . | . . Secondary . | . . Self-Inflicted Damage 7 | . 7 Shots . | . . Rammed 6 | . 6 Targets Rammed 14 | . 14 Kicked 8 | . 8 Crushed . | . . Highest Temperature 459 | 201 459 Average Temperature 197 | 105 216 Received Heat Transfer 444 | 6 438 Effects 3 | . 3 Shutdowns 1 | . 1 Energy Bleed 2 | . 2 Siege Activations . | . . Martial Activations . | . . Shielding Activations . | . . Robots Disrupted . | . . Combat Hostiles . | . . Robots Corrupted . | . . Combat Hostiles . | . . Parts Fried . | . . Impact Corruptions . | . . Robots Melted 1 | 1 . Combat Hostiles 1 | 1 . Parts Melted 6 | 1 5 Heat Transferred 1591 | 444 1147 Parts Sabotaged . | . . Parts Stolen . | . . Parts Stripped . | . . Power Chain Reactions . | . . Alert | -11 -10 ------- Run | Yrd Mat Maximum Alert Level . | . . Low Security (%) 100 | 100 100 Level 1 . | . . Level 2 . | . . Level 3 . | . . Level 4 . | . . Level 5 . | . . High Security . | . . Max Security . | . . Peak Influence 30 | 25 30 Initial 3 | . 3 Average 3 | 4 3 Influence Increases 118 | 25 93 Destroy 0b10 Robot/C 80 | 20 60 Destroy 0b10 Robot/NC 5 | 5 . Destroy Leader 10 | . 10 Successful Hack 7 | . 7 Destroy Structure 1 | . 1 Lose Combat Pursuer 15 | . 15 Influence Decreases 118 | 20 98 Entered New Map 2 | . 2 Time Decay 71 | 20 51 Lost Part 45 | . 45 Squads Dispatched 3 | . 3 Investigation 2 | . 2 Extermination . | . . Reinforcement 1 | . 1 Assault . | . . Garrison . | . . Intercept . | . . Searches Triggered . | . . Construction Impeded . | . . Haulers Reinforced . | . . Active Scanning Responses . | . . Cargo Convoy Interrupts . | . . Stealth | -11 -10 --------- Run | Yrd Mat Distress Signals 1 | . 1 Communications Jammed . | . . Distress Signals . | . . Times Spotted 13 | 1 12 Peak Tracking Total 7 | 1 7 Tactical Retreats 1 | . 1 Traps | -11 -10 ------- Run | Yrd Mat Traps Triggered 1 | . 1 Indirectly . | . . Trap Hack Attempts . | . . Triggered . | . . Disarmed . | . . Reprogrammed . | . . Reused . | . . Traps Extracted . | . . Installed . | . . Triggered . | . . Machines | -11 -10 ---------- Run | Yrd Mat Machines Disabled . | . . Max in Single Turn . | . . Machines Repaired . | . . Machines Dismantled . | . . Machines Sabotaged . | . . Overloaded Fab Kills . | . . Hacking | -11 -10 --------- Run | Yrd Mat Machines Accessed 5 | . 5 Terminals 3 | . 3 Fabricators . | . . Repair Stations 1 | . 1 Recycling Units 1 | . 1 Scanalyzers . | . . Garrison Access . | . . Total Hacks 14 | . 14 Successful 4 | . 4 Failed 10 | . 10 Catastrophic 4 | . 4 Database Lockouts . | . . Manual 7 | . 7 Terminals 8 | . 8 Fabricators . | . . Repair Stations 4 | . 4 Recycling Units 2 | . 2 Scanalyzers . | . . Garrison Access . | . . Terminal Hacks 2 | . 2 Patrol Status 1 | . 1 Recall Reinforcements 1 | . 1 Fabricator Hacks . | . . Repair Station Hacks 1 | . 1 Refit 1 | . 1 Recycling Unit Hacks 1 | . 1 Retrieve Components 1 | . 1 Scanalyzer . | . . Garrison Access Hacks . | . . Unauthorized Hacks . | . . Terminals . | . . Fabricators . | . . Repair Stations . | . . Recycling Units . | . . Scanalyzers . | . . Garrison Access . | . . Data Cores Recovered . | . . Used . | . . Hacking Detections 4 | . 4 Full Trace Events 3 | . 3 Feedback Events . | . . Feedback Blocked . | . . Robot Schematics Acquired . | . . Robots Built . | . . Authchips . | . . Time . | . . Total Robot Build Rating . | . . Part Schematics Acquired . | . . Parts Built . | . . Authchips . | . . Time . | . . Total Part Build Rating . | . . Parts Repaired . | . . Time . | . . Parts Recycled . | . . Recycled Matter . | . . Retrieved Matter . | . . Retrieved Components 3 | . 3 Parts Scanalyzed . | . . Part Schematics Acquired . | . . Parts Damaged . | . . Bothacking | -11 -10 ------------ Run | Yrd Mat Used RIF Installer . | . . Robots Hacked . | . . Non-combat . | . . Combat . | . . Robot Hacks Applied . | . . Relay Couplers Released . | . . Fabnet Peak Effective % . | . . Robots Rewired . | . . Allies Hacked . | . . Hacks Repelled . | . . Allies | -11 -10 -------- Run | Yrd Mat Total Allies . | . . Largest Group . | . . Highest-Rated Group . | . . Highest-Rated Ally . | . . Total Orders . | . . Ally Attacks . | . . Total Damage . | . . Kills . | . . Allies Corrupted . | . . Allies Melted . | . . Intel | -11 -10 ------- Run | Yrd Mat Active Infowar (turns) . | . . Robot Analysis Total . | . . Derelict Logs Recovered . | . . Drone Launches . | . . Drone Recoveries . | . . Exploration | -11 -10 ------------- Run | Yrd Mat Turns Passed 624 | 120 504 Spaces Moved 438 | 97 341 Core 32 | 32 . Treads . | . . Legs 406 | 65 341 Wheels . | . . Hover . | . . Flight . | . . Fastest Speed 50 | 50 120 Average Speed 114 | 96 120 Slowest Speed 120 | 120 120 Overloaded Moves . | . . Propulsion Burnouts . | . . Robots Hopped . | . . Potential Cave-ins . | . . Cave-ins Triggered . | . . Exploration Rate (%) 20 | 6 35 Regions Visited 1 Branch Regions . Pre-discovered Areas . | . . Known Exits Taken . | . . Unknown Exits Taken 1 | 1 . Scrap Searched . | . . Spaces Dug . | . . Terrain Destroyed . | . . Melee . | . . Projectile . | . . AOE . | . . Terrain Rammed . | . . Walls Destroyed . | . . Machines Disabled . | . . Actions | -11 -10 --------- Run | Yrd Mat Total 501 | 113 388 Wait 7 | . 7 Move 437 | 96 341 Hop . | . . Pick Up 8 | 7 1 Fast Attach . | . . Attach 6 | 5 1 Detach . | . . Swap . | . . Drop . | . . Fire 29 | 5 24 Melee . | . . Ram 6 | . 6 Kick 8 | . 8 Crush . | . . Escape Stasis . | . . Rewire . | . . Trap . | . . Miscellaneous . | . . Route ------- -11/Scrapyard -10/Materials History --------- Turn | Location | Event 2 | -11/Scrapyard | Met Revision 17 71 | -11/Scrapyard | Discovered new exit (range 8) 121 | -11/Scrapyard | Entered Materials 312 | -10/Materials | Build established: Mutant 615 | -10/Materials | Core integrity fell below 50% 624 | -10/Materials | Core integrity fell below 20% 625 | -10/Materials | Destroyed by G-34 Mercenary with Small Laser Last Messages --------------- Med. Laser destroyed. Acquired 10 matter. G-47 Trooper destroyed. Overheating: Energy bleed (-12). K-01 Serf collects debris. R-06 Scavenger collects Aluminum Leg. Kicked G-47 Trooper. G-47 Trooper knocked back. Mining Laser destroyed. Kicked G-47 Trooper. Aluminum Leg destroyed. K-01 Serf collects debris. Slammed into G-34 Mercenary. R-06 Scavenger collects Lgt. Nuclear Core. K-01 Serf collects debris. Slammed into G-34 Mercenary. K-01 Serf destroyed. Slammed into G-34 Mercenary. R-06 Scavenger collects Lgt. Ion Engine. Slammed into G-34 Mercenary. Map ----- +----------------------------------------------------+ | ?????????????????????????????????????????????????? | | ?????????????????????????????????????????????????? | | ?????????????????????????????????????????????????? | | ?????????????????????????????????????????????????? | | ?????????????????????????????????????????????????? | | ?????????????????????????????????????????????????? | | ?????????????????????????????? ????????????????? | | ?????????????????????????????# #???????????????? | | ?????????????????????????????# #???????????????? | | ?????????????????????????????# #???????????????? | | ?????????????????????????????# #???????????????? | | ?????????????????????????????# #???????????????? | | ?????????????????????????????/ #???????????????? | | ?????????????????????????????# #???????????????? | | ?????????????????????????????# #???????????????? | | ????????????????????????????## ##??????????????? | | ????????????????????????????# #??????????????? | | ????????????????????????????# #??????????????? | | ??????????????????????####### T #??????????????? | | ???????????????? #??????????????? | | ????????????????????# ##### #??????????????? | | ????????????????????????###### ##??????????????? | | ????????????????????????# # #########???????? | | ????????????????????????# =#[ # T #???????? | | ????????????????????????#g %gk% + #???????? | | ????????????????????????#@g[r# # #???????? | | ????????????????????????#%%% + #########???????? | | ????????????????????????###### #???????????????? | | ???????????????????????????####+##########???????? | | ???????????????????????????# % #???????? | | ???????????????????????????# #???????? | | ???????????????????????????# % #???????? | | ???????????????????????????# #???????? | | ???????????????????????????# #???????? | | ????????????????????#??????# #???????? | | ????????????????????# ############+############? | | ????????????????????# % | | ????????????????????# | | ????????????????????# """"""" | | ????????????????????# """"""" ############ | | ????????????????????# """"""" #??????????? | | ????????????????????#" """"""" #?????????## | | ????????????????????#T """"""" #?????????# | | ????????????????????#" #??######## | | ????????????????????# #??# ## | | ????????????????????# #??# """## | | ????????????????????# ## ###+####### R"## | | ???????????????????? ??# # # """## | | ?????????????????????[?????# # # ## | | ???????????????????????????# # # ! ## | +----------------------------------------------------+ Best States ------------- Heat Dissipation 25 Energy Generation 10 Energy Capacity 125 Matter Stores 300 Matter Capacity 300 Sight Range 16 Terrain Scan Density 10 Armor Coverage 160 Evasion (%) 55 Item Schematics ----------------- None Robot Schematics ------------------ None Fabricated ------------ Nothing Repaired ---------- Nothing Alien Tech Used ----------------- None Achievements -------------- GoHome() Challenges ------------ None Game ------ Seed BurstProjectionFragment Manual? 0 Play Time 00:05:32 Cumulative 1.3 hours Start 2025.06.13 @ 10:12:18 End 2025.06.13 @ 10:18:22 Sessions 1 Manual Loads 0 Difficulty Rogue Special Mode None Game No. 5 Rogue 5 Adventurer 0 Explorer 0 Win Type - Total 0 Types 0/0/0/0/0/0/0/0/0/0 Lore% 2 Gallery% 4 Achievement% 8 Wizard Run 0 Options --------- Layout 2 ASCII 0 Keyboard 1 Movement Numpad Keybinds 0 Fullscreen 1 Font 24/Smallcaps Map View 50x44 Zoom Use 0% Tactical HUD 0 Map Filters NONE Filters NONE Steam 1 RUN: d4279e1f-7f91-4d2d-bf36-7e464aeb79a9